 Dungeon Crawl Stone Soup version 0.18-a0-1126-ga2d7f46 (webtiles) character file.

888 mrath the Cleaver (level 8, -11/66 HPs)
             Began as a Hill Orc Fighter on Jan 21, 2016.
             Was a Follower of Beogh.
             Killed by divine providence
             ... invoked by an orc priest
              (16 damage)
             ... on level 6 of the Dungeon.
             The game lasted 00:42:40 (6370 turns).

mrath the Cleaver (Hill Orc Fighter)                Turns: 6370, Time: 00:42:40

Health: -11/66     AC: 17    Str: 21    XL:     8   Next: 6%
Magic:  8/8        EV: 14    Int: 11    God:    Beogh [*.....]
Gold:   279        SH: 10    Dex: 15    Spells: 0 memorised, 7 levels left

rFire  + . .     SeeInvis .     a - +0 war axe
rCold  + . .     Gourm    .     M - +7 ring mail of Loss {rC+ Int+3}
rNeg   . . .     Faith    .     c - +0 shield
rPois  .         Spirit   .     (no helmet)
rElec  .         Dismiss  .     w - +0 cloak
rCorr  +         Reflect  .     p - +0 pair of gloves
SustAt .         Harm     .     J - +0 pair of boots (curse)
MR     .....                    (no amulet)
Stlth  ++........               n - ring of protection from fire
                                q - ring of resist corrosion

@: agile, not resistant to hostile enchantments, unstealthy
A: no striking features
a: Renounce Religion


You were on level 6 of the Dungeon.
You worshipped Beogh.
Beogh was aware of your devotion.
You were very hungry.

You visited 1 branch of the dungeon, and saw 6 of its levels.

You collected 279 gold pieces.

Inventory:

Hand Weapons
 a - a +0 war axe (weapon)
 v - a +0 hunting sling
 K - a +1 spear of chaos
Missiles
 i - 6 needles of paralysis
 l - 199 stones (quivered)
 G - 77 sling bullets
 P - 4 tomahawks
Armour
 c - a +0 shield (worn)
 h - a +2 pair of gloves
 p - a +0 pair of gloves (worn)
 w - a +0 cloak (worn)
 z - a +0 plate armour
 J - a cursed +0 pair of boots (worn)
 M - the +7 ring mail of Loss (worn) {rC+ Int+3}
   (You found it on level 5 of the Dungeon)

   It affects your intelligence (+3).
   It protects you from cold.
 Q - a cursed -1 scale mail
Jewellery
 g - an uncursed ring of flight
 n - a ring of protection from fire (right hand)
 q - a ring of resist corrosion (left hand)
 B - an uncursed ring of teleportation
 N - an uncursed ring of magical power {unknown}
Wands
 D - a wand of frost (16/48)
Scrolls
 e - 2 scrolls of identify {unknown}
 j - 5 scrolls of teleportation {unknown}
 k - 6 scrolls of remove curse
 m - a scroll of random uselessness {unknown}
 t - a scroll of fog {unknown}
 u - a scroll of enchant armour {unknown}
 y - a scroll of immolation {unknown}
 C - 2 scrolls of amnesia {unknown}
 H - a scroll of magic mapping {unknown}
 L - a scroll of blinking {unknown}
 O - a scroll of noise {unknown}
Potions
 o - a potion of cancellation {unknown}
 r - a potion of ambrosia {unknown}
 x - a potion of agility
 A - 2 potions of flight {unknown}
 F - a potion of curing {unknown}
 I - 2 potions of lignification {unknown}
 R - a potion of brilliance {unknown}
Books
 E - a book of Callings

   Spells                             Type                      Level
   a - Summon Small Mammal            Summoning                    1
   b - Call Imp                       Summoning                    2
   c - Call Canine Familiar           Summoning                    3
   d - Summon Guardian Golem          Hexes/Summoning              3
   e - Summon Lightning Spire         Summoning/Air                4
   f - Summon Ice Beast               Ice/Summoning                4
Comestibles
 b - a slice of pizza
 f - 3 bread rations
 s - 2 meat rations


   Skills:
 + Level 4.1 Fighting
 + Level 10.4 Axes
 + Level 4.1 Armour
 + Level 1.4 Dodging
 + Level 3.9 Shields
 + Level 1.1 Invocations
 + Level 0.2 Evocations


You had 7 spell levels left.
You didn't know any spells.

Dungeon Overview and Level Annotations

Branches:
Dungeon (6/15)
 Temple: D:4-7

Altars:
Elyvilon
Xom
The Shining One


Message History

The orc warrior is lightly wounded.
The orc priest invokes the aid of Beogh against you.
Something smites you!
The orc warrior hits you with a long sword!
The orc priest invokes the aid of Beogh against you.
You struggle to resist.
The orc priest looks braver for a moment.
The orc priest mumbles some strange prayers to Beogh against you.
Something smites you!
* * * LOW HITPOINT WARNING * * *
The orc priest mumbles some strange prayers to Beogh against you.
Something smites you!
* * * LOW HITPOINT WARNING * * *
Drink which item? (? for menu, Esc to quit)
It was a potion of agility.
You feel agile all of a sudden.
The orc priest mumbles some strange prayers to Beogh against you.
Something smites you!
You die...
Beogh appreciates the orc priest's killing of a heretic priest.

...........#..#..........+
.##.....#.....#..........#.......
..+..>...........................
.##.......<...#......#...........
.##...........#......+...........
.##...........#......#...........
....)................# #........#
)..........<.^..#....###.#.......
....#...........@.o.oo.o.........
#...#............................
#...+.......................####.
....#.#..........##.........#....
....#............+..........+....
..........#......##.........#....
..........#......+..........#....
..........#......##......#####...
..........###...###......#####...


You could see an orc warrior, an orc priest and 2 orcs.

Vanquished Creatures
  A sky beast (D:4)
  A centaur (D:5)
  An ogre (D:5)
  A scorpion (D:6)
  A crimson imp (D:5)
  A jelly (D:6)
  An orc priest (D:4)
  2 hounds
  2 iguanas (D:4)
  An orc wizard (D:3)
  6 worker ants
  A hound zombie (D:5)
  A hound skeleton (D:5)
  A gnoll (D:4)
  5 adders
  A shadow imp (D:4)
  An ooze (D:2)
  2 adder zombies
  3 worms
  3 giant geckos
  22 orcs
  2 ball pythons
  3 giant cockroaches
  7 goblins
  4 hobgoblins
  6 jackals
  10 kobolds
  2 quokkas
  A ball python skeleton (D:5)
  7 bats
  2 giant newts
  12 rats
114 creatures vanquished.

Vanquished Creatures (others)
  A kobold (D:1)
1 creature vanquished.

Grand Total: 115 creatures vanquished

Notes
Turn   | Place    | Note
--------------------------------------------------------------
     0 | D:1      | mrath the Hill Orc Fighter began the quest for the Orb.
     0 | D:1      | Reached XP level 1. HP: 19/19 MP: 1/1
   380 | D:1      | Reached XP level 2. HP: 24/27 MP: 2/2
   753 | D:2      | Reached XP level 3. HP: 13/33 MP: 3/3
  1170 | D:2      | Reached skill level 1 in Dodging
  1630 | D:3      | Became a worshipper of Beogh the Brigand
  1639 | D:3      | Reached XP level 4. HP: 36/40 MP: 4/4
  1819 | D:3      | Reached skill level 4 in Axes
  1877 | D:3      | Reached skill level 5 in Axes
  2045 | D:3      | Reached XP level 5. HP: 46/46 MP: 5/5
  2634 | D:4      | Reached skill level 6 in Axes
  2886 | D:4      | Noticed a sky beast
  3122 | D:4      | Reached XP level 6. HP: 50/52 MP: 6/6
  3213 | D:4      | Reached skill level 7 in Axes
  3371 | D:4      | Found a shimmering altar of Xom.
  3814 | D:4      | Killed a sky beast
  3814 | D:4      | Reached skill level 8 in Axes
  4088 | D:5      | Entered Level 5 of the Dungeon
  4098 | D:5      | Reached * piety under Beogh
  4098 | D:5      | Reached XP level 7. HP: 58/58 MP: 7/7
  4479 | D:5      | Reached skill level 9 in Axes
  5181 | D:5      | Reached skill level 10 in Axes
  5520 | D:5      | Got a faintly humming ring mail
  5550 | D:5      | Identified the +7 ring mail of Loss {rC+ Int+3} (You found it on level 5 of the Dungeon)
  6115 | D:6      | Reached skill level 1 in Invocations
  6115 | D:6      | Reached XP level 8. HP: 64/66 MP: 8/8
  6205 | D:6      | Found a white marble altar of Elyvilon.
  6205 | D:6      | Found a glowing golden altar of the Shining One.
  6360 | D:6      | HP: 3/66 [orc priest/divine providence (11)]
  6370 | D:6      | Killed from afar by an orc priest

Vault maps used:
D:1:      saegor_arrival_miasma
D:3:      first_bread
D:4:      tgw_xom
D:6:      gammafunk_temple_overflow_wave

Action                   |  1- 3 |  4- 6 |  7- 9 || total
-------------------------+-------+-------+-------++-------
Melee: War axe           |   172 |   143 |   152 ||   467
Throw: Stone             |    21 |    18 |    18 ||    57
Invok: Convert to Beogh  |     1 |       |       ||     1
  Use: Scroll            |       |     2 |       ||     2
       Potion            |       |       |     2 ||     2
  Eat: Chunk             |     3 |     5 |     3 ||    11
       Pizza             |       |     1 |       ||     1
       Bread ration      |       |     1 |       ||     1
